 Dungeon Crawl Stone Soup version 0.24-a0-434-gd57e52fea8 (webtiles) character file.

Game seed: 12839944470169767375

1302 OCTOBOI the Firebug (level 8, 0/49 HPs)
             Began as an Octopode Fire Elementalist on June 16, 2019.
             Was a Follower of Vehumet.
             Slain by an ice beast (21 damage)
             ... on level 6 of the Dungeon.
             The game lasted 00:30:03 (7765 turns).

OCTOBOI the Firebug (Octopode Fire Elementalist)    Turns: 7765, Time: 00:30:03

Health: 0/49       AC:  1    Str:  7    XL:     8   Next: 57%
Magic:  9/15       EV: 14    Int: 20    God:    Vehumet [*.....]
Gold:   238        SH:  0    Dex: 12    Spells: 6/16 levels left

rFire    + . .     SeeInvis .   e - +0 trident
rCold    x . .     Gourm    .   (no shield)
rNeg     . . .     Faith    .   h - +0 hat
rPois    .         Spirit   .   (no amulet)
rElec    .         Reflect  .   C - ring of resist corrosion
rCorr    +         Harm     .   s - ring of fire
MR       .....                  (no ring)
Stlth    +++.......             (no ring)
HPRegen  0.16/turn              (no ring)
MPRegen  0.14/turn              (no ring)
                                (no ring)
                                (no ring)

@: no status effects
A: almost no armour, stealthy swim, amphibious, 8 rings, constrict 8, camouflage
1, gelatinous body 1
a: Renounce Religion


You were on level 6 of the Dungeon.
You worshipped Vehumet.
Vehumet was aware of your devotion.
You were hungry.

You visited 2 branches of the dungeon, and saw 8 of its levels.
You also visited: Ossuary.

You collected 238 gold pieces.

Inventory:

Hand Weapons
 c - a +0 dagger
 e - a +0 trident (weapon)
Missiles
 a - 119 stones (quivered)
Armour
 h - a +0 hat (worn)
Jewellery
 s - a ring of fire (right tentacle)
 C - a ring of resist corrosion (left tentacle)
Wands
 p - a wand of clouds (5)
 r - a wand of flame (18)
Scrolls
 i - 2 scrolls of magic mapping
 j - a scroll of teleportation
 m - a scroll of immolation
 x - 4 scrolls of remove curse
Potions
 d - 2 potions of invisibility
 f - a potion of brilliance
 g - 2 potions of ambrosia
 k - 2 potions of might
 l - 3 potions of agility
 n - a potion of degeneration {unknown}
 o - 4 potions of curing {unknown}
 t - 3 potions of mutation
 u - a potion of lignification {unknown}
 w - 2 potions of flight {unknown}
 z - 4 potions of haste {unknown}
 A - a potion of heal wounds {unknown}
Comestibles
 b - 6 rations


   Skills:
 + Level 1.7 Fighting
 + Level 2.9 Dodging
 - Level 2.6 Stealth
 + Level 4.7 Spellcasting
 * Level 5.9 Conjurations
 * Level 6.6 Fire Magic


You had 6 spell levels left.
You knew the following spells:

 Your Spells              Type           Power        Failure   Level  Hunger
a - Flame Tongue          Conj/Fire      #####        1%          1    None
b - Throw Flame           Conj/Fire      #####.       1%          2    #......
c - Conjure Flame         Conj/Fire      #####...     2%          3    ##.....
d - Sticky Flame          Conj/Fire      #####...     9%          4    ####...

Your spell library contained the following spells:

 Spells                   Type           Power        Failure   Level  Hunger
 Shock                    Conj/Air       ###.         3%          1    None
 Inner Flame              Hex/Fire       ####....     9%          3    ##.....
 Fireball                 Conj/Fire      #####.....   26%         5    ######.


Dungeon Overview and Level Annotations

Branches:
Dungeon (7/15)             Temple (1/1) D:5

Altars:
Ashenzari
Gozag
Kikubaaqudgha
Makhleb
Okawaru
Uskayaw
Vehumet

Annotations:
D:4 3 runed translucent doors, Yaarun's ghost, amateur TrBe; gnacko's ghost, amateur TrFi
D:6 exclusion: quasit
D:7 exclusions: door and ogre


Innate Abilities, Weirdness & Mutations

You cannot wear most types of armour.
You are very stealthy in the water. (Stealth+)
You are amphibious.
You can wear up to eight rings at the same time.
You can use your tentacles to constrict eight enemies at once.
Your skin changes colour to match your surroundings (Stealth+).
Your rubbery body absorbs attacks. (AC +1, EV +1)


Message History

The ice beast hits you. The ice beast freezes you!
You feel a terrible chill!
Casting: Flame Tongue (safe; 1% risk of failure)
Confirm with . or Enter, or press ? or * to list all spells.
Aiming: Flame Tongue (safe; 1% risk of failure)
Press: ? - help, Shift-Dir - straight line, f/p - ice beast
Aim: an ice beast (heavily wounded)
You feel a surge of power!
The flame tongue hits the ice beast but does no damage.
The ice beast is heavily wounded.
The ice beast hits you. The ice beast freezes you!
You feel a terrible chill!
Casting: Flame Tongue (safe; 1% risk of failure)
Confirm with . or Enter, or press ? or * to list all spells.
Aiming: Flame Tongue (safe; 1% risk of failure)
Press: ? - help, Shift-Dir - straight line, f/p - ice beast
Aim: an ice beast (heavily wounded)
You feel a surge of power!
The flame tongue hits the ice beast.
The ice beast melts!
The ice beast is heavily wounded.
The ice beast hits you. The ice beast freezes you!!
You feel a terrible chill!
You die...

...............
...............
................
#>..............
##..............
#..............#
#......Y[.$...#
.......@##...#
..........##
..<........##
.......##...###
....... ###...##
......# ###..###
...... ##...##
.....# ###..###
.... ## ##...##


You could see an ice beast.

Vanquished Creatures
  Menkaure (D:6)
  An ice beast (D:5)
  A phantom (D:4)
  An ogre (D:5)
  2 centaurs
  A bullfrog (D:3)
  A scorpion (D:5)
  2 crimson imps
  A bullfrog zombie (D:7)
  2 hounds
  3 orc wizards
  13 mummies (Ossuary)
  A howler monkey zombie (D:7)
  9 adders
  2 howler monkey skeletons
  A shadow imp (D:5)
  An ooze (D:3)
  An adder skeleton (D:5)
  5 worms
  2 dart slugs
  A leopard gecko (D:3)
  7 orcs
  A ball python (D:4)
  5 giant cockroaches
  9 goblins
  7 hobgoblins
  5 jackals
  2 quokkas
  4 bats
  5 frilled lizards
  2 gnoll skeletons (Ossuary)
  2 goblin skeletons (Ossuary)
  2 jackal skeletons
  6 kobolds
  2 kobold skeletons (Ossuary)
  2 orc skeletons (Ossuary)
  7 rats
  11 rat skeletons (Ossuary)
131 creatures vanquished.

Notes
Turn   | Place    | Note
-------+----------+-------------------------------------------
     0 | D:1      | OCTOBOI the Octopode Fire Elementalist began the quest for
                  | the Orb.
     0 | D:1      | Reached XP level 1. HP: 11/11 MP: 3/3
   330 | D:1      | Reached XP level 2. HP: 17/17 MP: 1/5
   377 | D:1      | Learned a level 2 spell: Throw Flame
   802 | D:1      | Reached XP level 3. HP: 21/21 MP: 0/6
  1013 | D:1      | Learned a level 3 spell: Conjure Flame
  2402 | D:2      | Reached XP level 4. HP: 27/27 MP: 4/8
  2530 | D:3      | Found an opulent altar of Gozag.
  2786 | D:3      | Found a burning altar of Makhleb.
  2813 | D:3      | Reached skill level 4 in Fire Magic
  2813 | D:3      | Reached XP level 5. HP: 20/31 MP: 9/9
  2937 | D:3      | Learned a level 4 spell: Sticky Flame
  3457 | D:3      | Reached XP level 6. HP: 35/36 MP: 4/11
  3538 | D:3      | Found an ancient bone altar of Kikubaaqudgha.
  3718 | D:4      | Found a runed translucent gate.
  3718 | D:4      | Found a runed translucent gate.
  3718 | D:4      | Noticed gnacko's ghost (amateur TrFi)
  3718 | D:4      | Noticed Yaarun's ghost (amateur TrBe)
  3720 | D:4      | Found a runed translucent gate.
  4118 | D:4      | You fall into a shaft and drop 3 floors!
  4217 | D:7      | Noticed a spriggan baker
  4339 | D:6      | Noticed Menkaure
  4342 | D:6      | Killed Menkaure
  4342 | D:6      | Reached skill level 5 in Fire Magic
  4342 | D:6      | Reached XP level 7. HP: 41/41 MP: 8/12
  4743 | D:5      | Entered Level 5 of the Dungeon
  4856 | D:5      | Found a staircase to the Ecumenical Temple.
  4867 | Temple   | Entered the Ecumenical Temple
  4876 | Temple   | Became a worshipper of Vehumet
  4938 | D:5      | Found a sand-covered staircase.
  4964 | Ossuary  | Entered an ossuary
  5261 | Ossuary  | Reached skill level 5 in Conjurations
  5531 | Ossuary  | Reached * piety under Vehumet
  5531 | Ossuary  | Offered knowledge of Shock by Vehumet.
  5630 | Ossuary  | Reached skill level 6 in Fire Magic
  5739 | D:4      | Reached XP level 8. HP: 47/47 MP: 12/14
  5998 | D:4      | Found a shattered altar of Ashenzari.
  6354 | D:4      | Identified a scroll of acquirement
  6468 | D:5      | Reached skill level 1 in Fighting
  7765 | D:6      | Slain by an ice beast

Levels and vault maps discovered:
D:1:      dpeg_arrival_lava_temple_mockup, layout_basic
D:2:      layout_loops_ring
D:3:      layout_basic, kiku_gazebo_garden_becter, makhleb_grotto_becter,
          first_ration, grunt_gozag_statues
D:4:      layout_basic, gammafunk_ghost_cemetery, ashenzari_altar_1
D:5:      layout_basic, minmay_temple_entry_gardened_gates,
          nicolae_ossuary_entry_ruins
D:6:      layout_cave_pods, chequers_big_river, uniq_duvessa, uniq_menkaure
D:7:      layout_rooms, kennysheep_mini, the_bakery, uniq_crazy_yiuf_cottage
Temple:   regret_index_temple_mists

Skill      XL: |  1  2  3  4  5  6  7  8 |
---------------+-------------------------+-----
Conjurations   | 2 3 4 5 |  5.9
Spellcasting   | 3 4 |  4.7
Fire Magic     | 4 5 6 |  6.6
Fighting       | 1 |  1.7
Dodging        | |  2.9
Stealth        | |  2.6

Action                   |  1- 3 |  4- 6 |  7- 9 || total
-------------------------+-------+-------+-------++-------
Melee: Dagger            |       |    20 |     1 ||    21
       Constrict         |       |     4 |    10 ||    14
       Tentacles         |       |     1 |       ||     1
       Trident           |       |       |    20 ||    20
 Cast: Flame Tongue      |    41 |    60 |   115 ||   216
       Throw Flame       |    20 |    21 |    18 ||    59
       Conjure Flame     |       |       |     6 ||     6
  Use: Scroll            |       |     9 |    12 ||    21
  Eat: Chunk             |     4 |     9 |     3 ||    16
       Ration            |       |       |     2 ||     2
Armor: Skin              |       |     1 |       ||     1
Dodge: Dodged            |     3 |    26 |    16 ||    45

Table legend:
 A = Non-vault XP
 B = Vault XP
 C = Vault XP percentage of total XP
 D = Non-vault monster count
 E = Vault monster count
 F = Vault count percentage of total count
                 A         B        C        D         E       F
            +---------+---------+-------+---------+---------+-------
      Total |    1375 |     485 |  26.1 |      97 |      33 |  25.4
            +---------+---------+-------+---------+---------+-------
        D:1 |      42 |       0 |   0.0 |      23 |       0 |   0.0
        D:2 |      64 |       0 |   0.0 |      16 |       0 |   0.0
        D:3 |     168 |      48 |  22.2 |      23 |       1 |   4.2
        D:4 |     213 |       0 |   0.0 |      12 |       0 |   0.0
        D:5 |     632 |       0 |   0.0 |      15 |       0 |   0.0
        D:6 |     154 |     183 |  54.3 |       5 |       1 |  16.7
        D:7 |     102 |       0 |   0.0 |       3 |       0 |   0.0
    Ossuary |       0 |     254 | 100.0 |       0 |      31 | 100.0
            +---------+---------+-------+---------+---------+-------
